 Dungeon Crawl Stone Soup version 0.16.2-12-gd0ad4c3 (webtiles) character file.

301 Theosophistos the Covert (level 6, -1/46 HPs)
             Began as a Vampire Assassin on Oct 24, 2015.
             Was a Believer of Makhleb.
             Slain by an orc wizard
             ... wielding a +0 dagger
              (3 damage)
             ... on level 4 of the Dungeon.
             The game lasted 00:19:48 (4120 turns).

Theosophistos the Covert (Vampire Assassin)         Turns: 4120, Time: 00:19:49

Health: -1/46      AC: 10    Str: 11    XL:     6   Next: 14%
Magic:  15/15      EV: 11    Int: 13    God:    Makhleb [**....]
Gold:   263        SH:  4    Dex: 16    Spells: 0 memorised, 5 levels left

rFire  . . .     SeeInvis +     G - -3 short sword (curse)
rCold  + . .     Clarity  .     k - +4 ring mail
rNeg   + + .     SustAb   .     j - +0 buckler
rPois  +         Gourm    .     (no helmet)
rElec  .         Spirit   .     d - +0 cloak
rCorr  .         Warding  .     (no gloves)
rMut   .         Stasis   .     (no boots)
MR     .....                    (no amulet)
Stlth  ++++......               (no ring)
                                r - ring of magical power

@: very slightly contaminated, regenerating slowly, not resistant to hostile
enchantments, stealthy
A: bottle blood, fangs 3, see invisible, spit poison 2, unbreathing
a: Spit Poison, Bat Form, Minor Destruction, Renounce Religion


You were on level 4 of the Dungeon.
You worshipped Makhleb.
Makhleb was pleased with you.
You were thirsty.

You visited 1 branch of the dungeon, and saw 4 of its levels.

You collected 263 gold pieces.

Inventory:

Hand weapons
 a - a +2 dagger
 b - a +0 blowgun
 l - a +0 falchion
 q - a +1 dagger of speed
 E - a +0 hand crossbow
 F - a +0 dagger of venom
 G - a cursed -3 short sword (weapon)
 H - a cursed -1 whip
 I - a +0 blowgun
Missiles
 e - 12 poisoned needles
 f - 2 curare-tipped needles
 D - 41 bolts
Armour
 c - a +0 robe
 d - a +0 cloak (worn)
 j - a +0 buckler (worn)
 k - a +4 ring mail (worn)
 n - a +0 robe
 w - a cursed +0 robe
Jewellery
 r - a ring of magical power (left hand)
Scrolls
 h - 2 scrolls of identify
 v - a scroll of fog
Potions
 g - 15 potions of blood
 i - a potion of brilliance
 C - a potion of curing
Comestibles
 p - a fruit
 A - a bread ration


   Skills:
 + Level 2.4 Fighting
 + Level 3.2 Short Blades
 + Level 1.7 Throwing
 + Level 1.4 Armour
 + Level 3.2 Dodging
 + Level 8.2 Stealth
 + Level 0.6 Shields


You had 5 spell levels left.
You didn't know any spells.

Dungeon Overview and Level Annotations

Branches:
Dungeon (4/15)
 Temple: D:4-7

Altars:
Makhleb


Innate Abilities, Weirdness & Mutations

You heal slowly.
You can bottle blood from corpses.
You have razor-sharp teeth.
You have supernaturally acute eyesight.
You can survive without breathing.
You can spit moderately strong poison.


Message History

You hit the orc wizard.
The orc wizard is almost dead.
The orc wizard hits you but does no damage. x2
You hit the orc wizard.
You kill the orc wizard!
Makhleb accepts your kill.
You feel a little better.
You are feeling thirsty.
Your shield and ring mail prevent you from hitting the orc wizard.
The orc wizard closely misses you.
The orc priest mumbles some strange prayers to Beogh against you.
Something smites you!
* * * LOW HITPOINT WARNING * * *
You hit the orc wizard.
The orc wizard is lightly wounded.
The orc wizard barely misses you. The orc priest barely misses you.
You barely miss the orc wizard. Your bite misses the orc wizard.
The orc wizard is lightly wounded.
The orc wizard hits you with a dagger.
You die...

.........'..................
.........###################
................#
.........#####.# .........#
.# .........# .# ########.#
.# #######.### .######
...>.....o@###.....$.
#######.#o#...o..##
#.#oo.......# #.###.......#
..# #.......# ### #.......#
#.......# #######.. .


You could see an orc priest, an orc wizard (invisible) and 2 orcs.

Vanquished Creatures
  A big kobold (D:4)
  A hound (D:2)
  An iguana (D:4)
  An orc wizard (D:4)
  The ghost of Kharon the Magician, a weakling DEWz (D:4)
  4 adders (D:2)
  A worm (D:2)
  A giant mite (D:3)
  A giant gecko (D:1)
  An ooze (D:2)
  7 orcs
  7 giant cockroaches
  12 hobgoblins
  3 quokkas
  6 bats
  2 giant newts
  6 goblins
  24 kobolds
  10 rats
  A plant (D:4)
91 creatures vanquished.

Notes
Turn   | Place    | Note
--------------------------------------------------------------
     0 | D:1      | Theosophistos, the Vampire Assassin, began the quest for the Orb.
     0 | D:1      | Reached XP level 1. HP: 16/16 MP: 1/1
   172 | D:1      | Reached skill level 6 in Stealth
   657 | D:1      | Reached XP level 2. HP: 12/22 MP: 1/2
  1500 | D:2      | Found a burning altar of Makhleb.
  1519 | D:2      | Reached skill level 7 in Stealth
  1519 | D:2      | Reached XP level 3. HP: 11/27 MP: 3/3
  1528 | D:2      | Became a worshipper of Makhleb the Destroyer
  1880 | D:2      | Reached XP level 4. HP: 33/33 MP: 4/4
  2192 | D:2      | Acquired Makhleb's first power
  2920 | D:3      | Reached XP level 5. HP: 31/38 MP: 5/5
  3445 | D:4      | Acquired Makhleb's second power
  3542 | D:4      | Reached skill level 8 in Stealth
  3773 | D:4      | Noticed Kharon's ghost (weakling DEWz)
  3790 | D:4      | Killed Kharon's ghost
  3899 | D:4      | Reached skill level 1 in Armour
  3899 | D:4      | Reached XP level 6. HP: 31/46 MP: 6/6
  4043 | D:4      | Gained mutation: You can spit poison. [potion of beneficial mutation]
  4044 | D:4      | Gained mutation: You can spit moderately strong poison. [potion of mutation]
  4118 | D:4      | HP: 2/46 [orc priest/divine providence (12)]
  4120 | D:4      | Slain by an orc wizard

Action                   |  1- 3 |  4- 6 || total
-------------------------+-------+-------++-------
Melee: Dagger            |   133 |   400 ||   533
       Short sword       |       |    25 ||    25
  Use: Potion            |     3 |    13 ||    16
       Scroll            |       |     8 ||     8
 Stab: Sleeping          |     7 |    10 ||    17
